 Dungeon Crawl Stone Soup version 0.21.1-1-g345015f (webtiles) character file.

1054 Goblin1989 the Insei (level 8, -3/60 HPs)
             Began as a Demonspawn Monk on Feb 5, 2018.
             Was a Priest of Cheibriados.
             Slain by Grinder (8 damage)
             ... while paralysed by Grinder
             ... on level 5 of the Dungeon.
             The game lasted 00:14:13 (6645 turns).

Goblin1989 the Insei (Demonspawn Monk)              Turns: 6645, Time: 00:14:14

Health: -3/60      AC:  4    Str: 20    XL:     8   Next: 5%
Magic:  10/10      EV:  2    Int: 18    God:    Cheibriados [***...]
Gold:   223        SH:  0    Dex: 21    Spells: 7/7 levels left

rFire    . . .     SeeInvis .     - Unarmed
rCold    + . .     Gourm    .   z - +0 buckler
rNeg     . . .     Faith    .   b - +0 robe
rPois    .         Spirit   .   (helmet restricted)
rElec    .         Reflect  .   (no cloak)
rCorr    .         Harm     .   (no gloves)
MR       .....                  F - +1 pair of boots
Stlth    +++.......             (no amulet)
HPRegen  0.20/turn              x - ring of stealth
MPRegen  0.12/turn              (no ring)

@: paralysed, very slow
A: claws 2, horns 1, talons 2, cold resistance 1, demonic guardian 1
a: Bend Time, Temporal Distortion, Renounce Religion


You were on level 5 of the Dungeon.
You worshipped Cheibriados.
Cheibriados was most pleased with you.
You were not hungry.

You visited 2 branches of the dungeon, and saw 6 of its levels.

You collected 223 gold pieces.

Inventory:

Missiles
 Z - 2 throwing nets (quivered) {!d}
Armour
 b - a +0 robe (worn)
 z - a +0 buckler (worn)
 D - a +0 chain mail
 F - a +1 pair of boots (worn)
 T - a +0 helmet
Jewellery
 x - a ring of stealth (left claw)
Wands
 P - a wand of paralysis (16)
Scrolls
 g - a scroll of amnesia {unknown}
 i - 4 scrolls of remove curse {unknown}
 y - a scroll of teleportation {unknown}
 R - 2 scrolls of identify {@r1}
 U - a scroll of blinking {unknown}
 W - 2 scrolls of immolation {unknown}
 X - a scroll of fog {unknown}
Potions
 j - a potion of resistance
 A - a potion of mutation {!q}
 B - a potion of invisibility
 E - a potion of brilliance {unknown}
 G - a potion of haste {unknown}
 V - a potion of berserk rage {unknown}
 Y - a potion of curing {unknown}
Comestibles
 e - 5 rations


   Skills:
 + Level 4.0 Fighting
   Level 4.0 Axes
 + Level 2.1 Armour
 + Level 3.5 Dodging
 - Level 1.7 Stealth
 + Level 3.5 Shields
 * Level 4.5 Unarmed Combat
 + Level 3.1 Invocations
 + Level 1.5 Evocations


You had 7 spell levels left.
You didn't know any spells.

Dungeon Overview and Level Annotations

Branches:
Dungeon (5/15)             Temple (1/1) D:4

Altars:
Cheibriados
Fedhas
Gozag
Sif Muna

Annotations:
D:3 exclusion: Sigmund, Sigmund
D:5 Grinder


Innate Abilities, Weirdness & Mutations

You have very sharp fingernails.
You have a pair of small horns on your head.
You have razor-sharp toenails.
Your flesh is cold resistant. (rC+)
A weak demonic guardian rushes to your aid.


Message History

You closely miss the hound.
The hound is moderately wounded.
The hound misses you.
You scratch the hound.
The hound is severely wounded.
The hound completely misses you. The hound bites you but does no damage.
You claw the hound!
You kill the hound!
Cheibriados thoroughly appreciates the change of pace.
You can now warp the flow of time around you.
Your Fighting skill increases to level 4!
You have reached level 8!
You feel clever.
Your demonic ancestry asserts itself...
A pair of horns grows on your head!
Your +0 helmet falls away!
Health restored: 60; MP restored: 10 Key pressed, stopping explore.
A quasit comes into view.
The quasit gives a chilling moan.
You closely miss the quasit.
You headbutt the quasit, but do no damage.
The quasit bites you. You block the quasit's attack.
The quasit barely misses you.
You take 2 damage, and have 58/60 hp.
You completely miss the quasit. Your headbutt misses the quasit.
The quasit misses you. The quasit closely misses you.
The quasit claws you but does no damage.
The quasit barely misses you.
The quasit claws you but does no damage. x2
You completely miss the quasit. The quasit misses you.
The quasit closely misses you. You block the quasit's attack.
You miss the quasit.
You headbutt the quasit, but do no damage.
You block the quasit's attack. The quasit barely misses you.
The quasit claws you.
You take 1 damage, and have 57/60 hp.
You scratch the quasit. You headbutt the quasit.
The quasit is lightly wounded.
You block the quasit's attack.
The quasit claws you but does no damage.
The quasit barely misses you.
You claw the quasit!
You kill the quasit!
Cheibriados appreciates the change of pace.
No target in view!
No target in view!
No target in view!
No target in view!
No target in view!
No target in view!
No target in view!
No target in view!
No target in view!
No target in view!
No target in view!
No target in view!
No target in view!
No target in view!
No target in view!
No target in view!
No target in view!
No target in view!
No target in view!
No target in view!
No target in view!
Key pressed, stopping explore.
You see here 15 poisoned needles.
Marking area around Grinder as unsafe for travelling.
Grinder comes into view.
Health restored: 60 The helpless Grinder fails to defend herself.
You scratch Grinder but do no damage. Grinder closely misses you.
You claw Grinder! Your headbutt misses Grinder.
Grinder is moderately wounded.
Grinder misses you.
You claw Grinder! You headbutt Grinder, but do no damage.
Grinder is heavily wounded.
Grinder hits you.
You take 4 damage, and have 56/60 hp.
You closely miss Grinder.
Grinder is heavily wounded.
Grinder gestures at you.
You suddenly lose the ability to move!
Grinder hits you.
You writhe in agony.
Grinder hits you but does no damage.
A hound comes into view.
Grinder hits you.
You writhe in agony.
Grinder hits you!
You writhe in agony.
The hound bites you. Grinder hits you!
* * * LOW HITPOINT WARNING * * *
You writhe in agony.
* * * LOW HITPOINT WARNING * * *
The hound bites you.
* * * LOW HITPOINT WARNING * * *
Grinder hits you.
* * * LOW HITPOINT WARNING * * *
The hound bites you.
* * * LOW HITPOINT WARNING * * *
The hound bites you but does no damage. Grinder hits you!
You die...

██.█ ██.██.. █.█
........ █.█
█.███.███
█████.██████.. .
...
█............█
....
....████.████..█
... .. █.█ .█
).. ███5███...█
█..5@5...█
█..█h███.██
█.██.█ █. █.█ .
█.█ █ █.. ██.


You could see Grinder, a hound, a friendly white imp and a friendly shadow imp.

Vanquished Creatures
  The ghost of Goblin1989 the Chopper, an amateur DsMo of Okawaru (D:4)
  A water moccasin (D:3)
  A phantom (D:5)
  An ogre (D:5)
  A centaur (D:5)
  A quasit (D:5)
  3 hounds
  An orc wizard (Temple)
  An iguana (D:2)
  2 worker ants (D:5)
  4 gnolls
  A worker ant zombie (D:5)
  7 adders
  An ooze (D:4)
  An adder skeleton (D:4)
  An adder zombie (D:5)
  3 worms
  2 dart slugs
  3 leopard geckos
  3 orcs
  11 bats
  5 giant cockroaches
  8 hobgoblins
  10 jackals
  8 kobolds
  2 quokkas (D:4)
  A ball python (D:2)
  5 frilled lizards
  2 goblins (D:1)
  10 rats
101 creatures vanquished.

Vanquished Creatures (collateral kills)
  2 ogres
  A bullfrog zombie (D:5)
  An orc priest (D:4)
  An orc wizard (D:4)
  A worker ant (D:5)
  A gnoll (D:3)
  An adder skeleton (D:3)
  2 orcs (D:4)
  A bat (D:3)
11 creatures vanquished.

Grand Total: 112 creatures vanquished

Notes
Turn   | Place    | Note
-------+----------+-------------------------------------------
     0 | D:1      | Goblin1989 the Demonspawn Monk began the quest for the Orb.
     0 | D:1      | Reached XP level 1. HP: 18/18 MP: 1/1
    36 | D:1      | Gained mutation: A weak demonic guardian rushes to your aid. [demonic ancestry]
    36 | D:1      | Reached XP level 2. HP: 19/24 MP: 2/2
   636 | D:1      | Gained mutation: You have sharp fingernails. [demonic ancestry]
   636 | D:1      | Reached XP level 3. HP: 5/29 MP: 3/3
  1890 | D:2      | Reached skill level 1 in Unarmed Combat
  2276 | D:2      | Reached skill level 1 in Shields
  2276 | D:2      | Gained mutation: You have very sharp fingernails. [demonic ancestry]
  2276 | D:2      | Reached XP level 4. HP: 27/35 MP: 4/4
  3768 | D:3      | Noticed a water moccasin
  3791 | D:3      | Gained mutation: You have sharp toenails. [demonic ancestry]
  3791 | D:3      | Reached XP level 5. HP: 41/41 MP: 5/5
  3813 | D:3      | Killed a water moccasin
  3997 | D:3      | Noticed Sigmund
  4728 | D:4      | Gained mutation: Your flesh is cold resistant. (rC+) [demonic ancestry]
  4728 | D:4      | Reached XP level 6. HP: 47/47 MP: 6/6
  4898 | D:4      | Found a staircase to the Ecumenical Temple.
  4917 | D:4      | Noticed Goblin1989's ghost (amateur DsMo)
  4921 | Temple   | Entered the Ecumenical Temple
  5067 | Temple   | Became a worshipper of Cheibriados the Contemplative
  5067 | Temple   | Reached * piety under Cheibriados
  5067 | Temple   | Reached ** piety under Cheibriados
  5100 | D:4      | Killed Goblin1989's ghost
  5100 | D:4      | Reached skill level 1 in Armour
  5100 | D:4      | Reached skill level 1 in Invocations
  5328 | D:4      | Gained mutation: You have razor-sharp toenails. [demonic ancestry]
  5328 | D:4      | Reached XP level 7. HP: 52/52 MP: 6/8
  5465 | D:4      | Found a blossoming altar of Fedhas.
  5633 | D:5      | Entered Level 5 of the Dungeon
  6056 | D:5      | Reached skill level 1 in Evocations
  6561 | D:5      | Reached *** piety under Cheibriados
  6561 | D:5      | Gained mutation: You have a pair of small horns on your head. [demonic ancestry]
  6561 | D:5      | Reached XP level 8. HP: 60/60 MP: 10/10
  6633 | D:5      | Noticed Grinder
  6638 | D:5      | Paralysed by Grinder for 7 turns
  6645 | D:5      | Slain by Grinder

Skill      XL: |  1  2  3  4  5  6  7 |
---------------+----------------------+-----
Axes           | 3 4 |  4.0
Unarmed Combat | 1 2 3 4 |  4.5
Shields        | 1 2 3 |  3.5
Armour         | 1 2 |  2.1
Dodging        | 3 |  3.5
Invocations    | 1 3 |  3.1
Evocations     | 1 |  1.5
Fighting       | 4 |  4.0
Stealth        | |  1.7

Action                   |  1- 3 |  4- 6 |  7- 9 || total
-------------------------+-------+-------+-------++-------
Melee: Hand axe          |   163 |    90 |       ||   253
       Unarmed           |       |   109 |   108 ||   217
       Headbutt          |       |       |     4 ||     4
  Use: Scroll            |       |     3 |       ||     3
       Potion            |       |     1 |       ||     1
 Stab: Sleeping          |     4 |    12 |     4 ||    20
       Invisible         |       |     2 |       ||     2
       Distracted        |       |       |     1 ||     1
  Eat: Chunk             |     4 |     7 |     1 ||    12
       Ration            |       |     1 |       ||     1
Armor: Robe              |    37 |    34 |    24 ||    95
Dodge: Dodged            |   118 |   126 |    61 ||   305
Block: Buckler           |     5 |    35 |    15 ||    55

Vault maps used:
D:1:      zelgadis_glass_arrival_small
D:3:      first_ration, minmay_surrounded, uniq_sigmund
D:4:      lemuel_doored_altar, minmay_temple_entry_overgrown,
          grunt_ministairs_9, minmay_misc_feat_hallway
D:5:      uniq_eustachio, uniq_grinder
Temple:   minmay_crystal_snake_temple
